 Dungeon Sprint DCSS version 0.17-a0-1210-g1e4f09d (webtiles) character file.

42817 nuthulu the Peltast (level 14, -5/96 HPs)
             Began as a Gargoyle Fighter on June 3, 2015.
             Was the Champion of Cheibriados.
             Killed from afar by a fire giant (47 damage)
             ... with a bolt of fire
             ... in the Dungeon (Sprint V: "Ziggurat Sprint").
             The game lasted 00:09:31 (1737 turns).

nuthulu the Peltast (Gargoyle Fighter)              Turns: 1737, Time: 00:09:31

Health: -5/96      AC: 52    Str: 48    XL:     14   Next: 21%
Magic:  17/36      EV: 15    Int: 28    God:    Cheibriados [******]
Gold:   0          SH: 37    Dex: 20    Spells: 0 memorised, 13 levels left

rFire  . . .     SeeInvis .     J - +6 shillelagh "Devastator" {shatter}
rCold  + + +     Clarity  .     K - +15 Maxwell's patent armour {-Cast -Tele rElec MR+ rCorr}
rNeg   + + .     SustAt   .     L - +18 shield of the gong {rElec rN+ MR+ EV-5}
rPois  ∞         Gourm    .     O - +2 helmet {Int+3}
rElec  +         Spirit   .     Q - +1 cloak {MR+}
rCorr  +         Warding  .     P - +1 pair of gloves {Str+3}
rMut   .         NoTele   +     V - +0 pair of boots {Fly}
MR     ++++.     NoCast   +     (no amulet)
Stlth  ..........               b - ring of Ysil {+Fly rC+++ MP+9 Dex-4}
                                D - +6 ring of strength

@: flying, studying Fighting, very slow, incredibly resistant to hostile
enchantments, extremely unstealthy
A: big wings, negative energy resistance 1, electricity resistance, unbreathing,
petrification resistance, rot immunity, AC +9
a: Stop Flying, Bend Time, Temporal Distortion, Slouch, Step From Time, Renounce
Religion


You were in the Dungeon.
You worshipped Cheibriados.
Cheibriados was exalted by your worship.
You were not hungry.

You visited 1 branch

Inventory:

Hand weapons
 J - the +6 shillelagh "Devastator" (weapon) {shatter}
   (You found it in the Dungeon)
Armour
 c - a +0 cloak of poison resistance
 K - the +15 Maxwell's patent armour (worn) {-Cast -Tele rElec MR+ rCorr}
   (You found it in the Dungeon)

   It insulates you from electricity.
   It affects your resistance to hostile enchantments.
   It prevents spellcasting.
   It prevents most forms of teleportation.
   It protects you from acid and corrosion.
 L - the +18 shield of the gong (worn) {rElec rN+ MR+ EV-5}
   (You found it in the Dungeon)

   It affects your evasion (-5).
   It insulates you from electricity.
   It protects you from negative energy.
   It affects your resistance to hostile enchantments.
 O - a +2 helmet of intelligence (worn)
 P - a +1 pair of gloves of strength (worn)
 Q - a +1 cloak of magic resistance (worn)
 V - a +0 pair of boots of flying (worn)
Jewellery
 b - the ring of Ysil (right hand) {+Fly rC+++ MP+9 Dex-4}
   (You found it in the Dungeon)

   [ring of magical power]

   It affects your dexterity (-4).
   It renders you almost immune to cold.
   It affects your magic capacity (+9).
   It lets you fly.
 o - an uncursed ring of fire
 y - a +6 ring of dexterity
 A - a +6 ring of dexterity
 B - a +6 ring of intelligence
 C - a +6 ring of intelligence
 D - a +6 ring of strength (left hand)
 E - a +6 ring of strength
 M - an uncursed ring of fire
 N - the ring "Eskaef" {rC+ EV+1}
   (You found it in the Dungeon)

   [ring of evasion]

   It affects your evasion (+1).
   It protects you from cold.
 T - the cursed ring of Wolai {+Inv rC+ Dex-2}
   (You found it in the Dungeon)

   [ring of dexterity]

   It affects your dexterity (-2).
   It protects you from cold.
   It lets you turn invisible.
   It has a curse placed upon it.
 W - the amulet of Idoeh {Clar Int+7}
   (You took it off a spriggan berserker in the Dungeon)

   [amulet of clarity]

   It provides mental clarity.
   It affects your intelligence (+7).
Magical devices
 F - a wand of disintegration (7)
 G - a wand of fire (5)
 H - a wand of cold (5)
 I - a wand of draining (5)
 S - a wand of confusion (17)
Scrolls
 a - 2 scrolls of brand weapon
 k - 4 scrolls of blinking
 q - 4 scrolls of amnesia
 r - 3 scrolls of recharging
 s - 7 scrolls of fog
 t - a scroll of holy word
 u - 4 scrolls of identify
 v - 5 scrolls of remove curse
 w - 2 scrolls of fear
Potions
 d - 6 potions of might
 f - 10 potions of curing
 g - 8 potions of heal wounds
 h - 6 potions of haste
 i - 7 potions of magic
 j - 3 potions of berserk rage
 l - 2 potions of brilliance
 m - 2 potions of invisibility
 n - 4 potions of resistance
 p - 5 potions of agility
 R - a potion of degeneration {unknown}
Books
 U - a manual of Fighting
Comestibles
 e - 5 bread rations
 x - 41 fruits
 z - 3 meat rations


   Skills:
 + Level 14.4 Fighting
 * Level 13.8 Maces & Flails
 + Level 15.6 Armour
 * Level 13.0 Dodging
 + Level 20.3 Shields
 - Level 18.6 Invocations


You had 13 spell levels left.
You didn't know any spells.

Dungeon Overview and Level Annotations

Branches:
Dungeon (1/1)

Altars:
Ashenzari
Cheibriados
Dithmenos
Elyvilon
Fedhas
Gozag
Kikubaaqudgha
Makhleb
Nemelex Xobeh
Okawaru
Qazlal
Ru
Sif Muna
Trog
Vehumet
Xom
Yredelemnul
Zin
The Shining One
Beogh
Jiyva
Lugonu


Innate Abilities, Weirdness & Mutations

You are resistant to torment.
Your stone body is resilient (AC +9).
You are immune to poison.
Your large and strong wings let you fly indefinitely.
You resist negative energy.
You are resistant to electric shocks.
You can survive without breathing.
You are immune to petrification.
You are immune to rotting.


Message History

You can feel time thicken for a moment.
You kill the efreet!
Cheibriados thoroughly appreciates the change of pace.
Your Dodging skill increases to level 13!
You feel somewhat more hungry.
The fire giant gestures at you while chanting.
The bolt of fire hits you!
The fire giant gestures at you while chanting.
The bolt of fire hits you!
Unknown command.
Use which ability? (? or * to list)
You can feel time thicken for a moment.
You kill the fire drake!
Cheibriados thoroughly appreciates the change of pace.
You kill the efreet!
Cheibriados appreciates the change of pace.
You feel somewhat more hungry. The fire giant casts a spell at you.
The bolt of fire hits you!
You die...

▓.........
▓..h")§")}:)..▓.....†...
▓.....)††.§...▓.........
▓...§....)....▓.........
▓...).D.C.....▓..▓....)▓
▓....C........▓.▓▓▓...▓▓
▓......D......▓..▓.....▓
▓.......▓ ▓......... ▓
▓▓..@..▓▓ ▓▓▓▓▓▓▓▓▓▓
▓..▓.......▓..▓....8©8..
▓.............▓..[.).:):
▓.............▓...).)}[.
▓▓▓▓▓▓▓▓▓▓▓▓▓▓▓...)).)).
▓...)..... ▓.....)...
▓..)...... ▓..▓()†..▓


You could see 2 fire giants, 2 fire dragons and a hell hog (wandering).

Vanquished Creatures
  A pearl dragon (D)
  Polyphemus (D)
  A thorn hunter (D)
  Kirke (D)
  Wiglaf (D)
  A frost giant (D)
  Aizul (D)
  An angel (D)
  2 ophanim (D)
  2 apis (D)
  3 blizzard demons (D)
  Harold (D)
  3 spriggan air magi (D)
  2 satyrs (D)
  6 spriggan berserkers (D)
  Urug (D)
  3 hell hogs (D)
  A cherub (D)
  A skeletal warrior (D)
  3 ice devils (D)
  A deep elf summoner (D)
  A wolf spider (D)
  2 deep elf conjurers (D)
  2 cyclopes (D)
  An apocalypse crab (D)
  A rust devil (D)
  3 efreet (D)
  2 freezing wraiths (D)
  2 polar bears (D)
  A red devil (D)
  3 merfolk (D)
  2 fire drakes (D)
  A small abomination (D)
  A fire vortex (D)
  2 redbacks (D)
  A tarantella (D)
  Sigmund (D)
  A wraith (D)
  A deep elf mage (D)
  9 spriggans (D)
  A deep elf fighter (D)
  Grum (D)
  2 wolves (D)
  A fire elemental (D)
  A hippogriff (D)
  A hungry ghost (D)
  A hell hound (D)
  3 ice beasts (D)
  3 black bears (D)
  A necrophage (D)
  3 ogres (D)
  3 phantoms (D)
  3 wasps (D)
  A centaur (D)
  A large abomination (D)
  Blork the orc (D)
  2 wights (D)
  4 scorpions (D)
  Crazy Yiuf (D)
  An orc priest (D)
  Ijyb (D)
  An orc wizard (D)
  2 quasits (D)
  2 iron imps (D)
  Terence (D)
  2 sheep (D)
  A mummy (D)
  A white imp (D)
  A shadow imp (D)
  3 ufetubi (D)
  An adder skeleton (D)
  3 adder zombies (D)
  2 bat skeletons (D)
  3 bat zombies (D)
  A giant cockroach simulacrum (D)
  A giant cockroach zombie (D)
  A giant gecko simulacrum (D)
  2 giant gecko skeletons (D)
  A butterfly (D)
  A fungus (D)
140 creatures vanquished.

Notes
Turn   | Place    | Note
--------------------------------------------------------------
     0 | D        | nuthulu the Gargoyle Fighter began the quest for the Orb.
     0 | D        | Reached XP level 1. HP: 14/14 MP: 1/1
     0 | D        | Found a roughly hewn altar of Beogh.
     0 | D        | Found a corrupted altar of Lugonu.
     0 | D        | Found a viscous altar of Jiyva.
     0 | D        | Found a white marble altar of Elyvilon.
     0 | D        | Found a sparkling altar of Nemelex Xobeh.
     0 | D        | Found a burning altar of Makhleb.
     0 | D        | Found an iron altar of Okawaru.
     0 | D        | Found a deep blue altar of Sif Muna.
     0 | D        | Found a radiant altar of Vehumet.
     0 | D        | Found a bloodstained altar of Trog.
     0 | D        | Found a shimmering altar of Xom.
    55 | D        | Reached skill level 4 in Fighting
    55 | D        | Reached XP level 2. HP: 17/20 MP: 1/4
    63 | D        | Became a worshipper of Cheibriados the Contemplative
   107 | D        | Entered arena 1.
   107 | D        | Noticed an orc wizard
   107 | D        | Noticed an orc priest
   113 | D        | Killed an orc priest
   113 | D        | Reached skill level 5 in Fighting
   113 | D        | Reached skill level 5 in Armour
   113 | D        | Reached skill level 5 in Shields
   113 | D        | Reached XP level 3. HP: 11/26 MP: 5/5
   113 | D        | Killed an orc wizard
   113 | D        | Reached XP level 4. HP: 13/32 MP: 6/6
   299 | D        | Entered arena 2.
   299 | D        | Noticed an iron imp
   299 | D        | Noticed a large abomination
   302 | D        | Acquired Cheibriados's first power
   304 | D        | Killed an iron imp
   304 | D        | Reached skill level 6 in Fighting
   309 | D        | Killed a large abomination
   309 | D        | Reached skill level 7 in Fighting
   309 | D        | Reached XP level 5. HP: 8/38 MP: 7/7
   314 | D        | Got the ring "Buphestao" {rElec rPois MP+9 Str-5 Stlth+}
   553 | D        | Entered arena 3.
   553 | D        | Noticed a cyclops
   553 | D        | Noticed an ogre
   553 | D        | Noticed an ogre
   553 | D        | Noticed an ogre
   556 | D        | Killed an ogre
   556 | D        | Reached skill level 8 in Armour
   556 | D        | Reached XP level 6. HP: 42/44 MP: 8/8
   556 | D        | Killed an ogre
   556 | D        | Reached skill level 9 in Shields
   556 | D        | Killed an ogre
   556 | D        | Reached XP level 7. HP: 46/50 MP: 9/9
   558 | D        | Killed a cyclops
   558 | D        | Acquired Cheibriados's second power
   558 | D        | Reached skill level 5 in Maces & Flails
   558 | D        | Reached skill level 10 in Armour
   558 | D        | Reached skill level 10 in Shields
   589 | D        | Entered arena 4.
   589 | D        | Noticed a spriggan
   589 | D        | Noticed a wolf
   589 | D        | Noticed a spriggan
   589 | D        | Noticed a spriggan
   591 | D        | Killed a spriggan
   591 | D        | Reached skill level 10 in Fighting
   591 | D        | Reached XP level 8. HP: 57/57 MP: 10/10
   592 | D        | Killed a spriggan
   592 | D        | Reached skill level 11 in Armour
   592 | D        | Killed a wolf
   592 | D        | Acquired Cheibriados's third power
   595 | D        | Killed a spriggan
   653 | D        | Entered arena 5.
   653 | D        | Noticed a tarantella
   653 | D        | Noticed a scorpion
   653 | D        | Noticed a scorpion
   653 | D        | Noticed a scorpion
   653 | D        | Noticed a scorpion
   655 | D        | Killed a scorpion
   657 | D        | Killed a scorpion
   657 | D        | Acquired Cheibriados's fourth power
   657 | D        | Killed a scorpion
   659 | D        | Killed a tarantella
   659 | D        | Reached skill level 12 in Armour
   659 | D        | Reached XP level 9. HP: 62/64 MP: 11/11
   659 | D        | Killed a scorpion
   709 | D        | Entered arena 6.
   709 | D        | Noticed a deep elf mage
   709 | D        | Noticed a deep elf fighter
   709 | D        | Noticed a deep elf conjurer
   709 | D        | Noticed a deep elf summoner
   709 | D        | Noticed a deep elf conjurer
   711 | D        | Noticed a demonic crawler
   713 | D        | Killed a deep elf mage
   713 | D        | Killed a deep elf fighter
   714 | D        | Killed a deep elf summoner
   714 | D        | Killed a deep elf conjurer
   714 | D        | Reached skill level 13 in Shields
   714 | D        | Reached skill level 5 in Invocations
   714 | D        | Killed a deep elf conjurer
   714 | D        | Reached XP level 10. HP: 57/71 MP: 6/14
   766 | D        | Entered arena 7.
   766 | D        | Noticed a necrophage
   766 | D        | Noticed a phantom
   766 | D        | Noticed a phantom
   771 | D        | Killed a necrophage
   778 | D        | Killed a phantom
   787 | D        | Killed a phantom
   801 | D        | Entered arena 8.
   801 | D        | Noticed a small abomination
   801 | D        | Noticed a quasit
   801 | D        | Noticed an apocalypse crab
   801 | D        | Noticed a quasit
   804 | D        | Killed a quasit
   806 | D        | Killed a quasit
   811 | D        | Killed an apocalypse crab
   811 | D        | Reached skill level 5 in Dodging
   812 | D        | Killed a small abomination
   812 | D        | Reached skill level 14 in Shields
   819 | D        | Got the ring of Ysil {+Fly rC+++ MP+9 Dex-4}
   909 | D        | Entered arena 9.
   909 | D        | Noticed a hippogriff
   909 | D        | Noticed a merfolk
   909 | D        | Noticed a cyclops
   909 | D        | Noticed a centaur
   909 | D        | Noticed a merfolk
   909 | D        | Noticed a merfolk
   910 | D        | Killed a centaur
   915 | D        | Killed a merfolk
   916 | D        | Killed a merfolk
   916 | D        | Killed a hippogriff
   917 | D        | Killed a merfolk
   920 | D        | Killed a cyclops
   937 | D        | Entered arena 10.
   937 | D        | Noticed a black bear
   937 | D        | Noticed a spriggan rider
   937 | D        | Noticed a black bear
   937 | D        | Noticed a spriggan
   937 | D        | Noticed a spriggan rider
   937 | D        | Noticed a spriggan
   937 | D        | Noticed a black bear
   937 | D        | Noticed a spriggan rider
   937 | D        | Noticed a spriggan
   942 | D        | Killed a black bear
   943 | D        | Killed a spriggan
   946 | D        | Killed a black bear
   946 | D        | Killed a spriggan
   946 | D        | Reached skill level 15 in Shields
   947 | D        | Killed a black bear
   947 | D        | Killed a spriggan
   951 | D        | Killed a spriggan rider
   951 | D        | Killed a wasp
   951 | D        | Reached XP level 11. HP: 65/76 MP: 17/17
   951 | D        | Killed a spriggan
   953 | D        | Killed a wasp
   959 | D        | Killed a spriggan
   959 | D        | Killed a wasp
   965 | D        | Got the ring "Eskaef" {rC+ EV+1}
   986 | D        | Entered arena 11.
   986 | D        | Noticed a rust devil
   986 | D        | Noticed a hell hound
   986 | D        | Noticed a skeletal warrior
   986 | D        | Noticed a wight
   986 | D        | Noticed an iron imp
   987 | D        | Noticed a wraith
   987 | D        | Noticed a red devil
   987 | D        | Killed a hell hound
   988 | D        | Noticed a phantom
   988 | D        | Killed a wight
   989 | D        | Killed a red devil
   989 | D        | Killed a wraith
   989 | D        | Reached skill level 16 in Shields
   989 | D        | Killed a phantom
   989 | D        | Killed an iron imp
   991 | D        | Killed a rust devil
   991 | D        | Killed a skeletal warrior
  1027 | D        | Entered arena 12.
  1027 | D        | Noticed an angel
  1027 | D        | Noticed a cherub
  1027 | D        | Noticed an ophan
  1027 | D        | Noticed an ophan
  1028 | D        | Noticed an apis
  1028 | D        | Noticed an apis
  1029 | D        | Noticed a pearl dragon
  1031 | D        | Killed an angel
  1031 | D        | Reached skill level 10 in Invocations
  1035 | D        | Killed an apis
  1035 | D        | Killed an ophan
  1035 | D        | Reached skill level 17 in Shields
  1035 | D        | Killed an ophan
  1037 | D        | Killed an apis
  1037 | D        | Reached XP level 12. HP: 72/84 MP: 3/22
  1050 | D        | Killed a cherub
  1050 | D        | Killed a pearl dragon
  1050 | D        | Reached skill level 15 in Invocations
  1217 | D        | Entered arena 13.
  1218 | D        | Noticed Terence
  1218 | D        | Noticed Crazy Yiuf
  1218 | D        | Noticed Aizul
  1218 | D        | Noticed Urug
  1218 | D        | Noticed Kirke
  1218 | D        | Noticed Polyphemus
  1218 | D        | Noticed Ijyb
  1218 | D        | Noticed Grum
  1219 | D        | Noticed Wiglaf
  1219 | D        | Noticed Sigmund
  1219 | D        | Killed Terence
  1220 | D        | Noticed Blork the orc
  1220 | D        | Killed Ijyb
  1220 | D        | Killed Crazy Yiuf
  1220 | D        | Killed Grum
  1220 | D        | Killed Sigmund
  1221 | D        | Noticed Harold
  1221 | D        | Killed Blork the orc
  1223 | D        | Killed Aizul
  1223 | D        | Reached skill level 18 in Shields
  1223 | D        | Killed Urug
  1226 | D        | Killed Kirke
  1228 | D        | Killed Wiglaf
  1229 | D        | Killed Harold
  1229 | D        | Reached XP level 13. HP: 63/88 MP: 9/26
  1233 | D        | Killed Polyphemus
  1330 | D        | Got the cursed ring of Wolai {+Inv rC+ Dex-2}
  1382 | D        | Entered arena 14.
  1386 | D        | Noticed a blizzard demon
  1386 | D        | Noticed an ice devil
  1386 | D        | Noticed a blizzard demon
  1386 | D        | Noticed a polar bear
  1387 | D        | Noticed an ice devil
  1387 | D        | Noticed a blizzard demon
  1387 | D        | Noticed a frost giant
  1388 | D        | Noticed an ice devil
  1388 | D        | Noticed an ice beast
  1389 | D        | Noticed a polar bear
  1389 | D        | Killed a polar bear
  1389 | D        | Reached skill level 10 in Dodging
  1389 | D        | Killed an ice devil
  1389 | D        | Reached skill level 10 in Maces & Flails
  1389 | D        | Killed an ice devil
  1389 | D        | Killed an ice beast
  1390 | D        | Killed a blizzard demon
  1390 | D        | Killed a blizzard demon
  1390 | D        | Killed a blizzard demon
  1391 | D        | Killed an ice devil
  1391 | D        | Killed a polar bear
  1393 | D        | Killed a frost giant
  1393 | D        | Reached skill level 19 in Shields
  1473 | D        | Entered arena 15.
  1474 | D        | Noticed an ice beast
  1474 | D        | Noticed a freezing wraith
  1474 | D        | Noticed an ice beast
  1476 | D        | Killed an ice beast
  1476 | D        | Killed an ice beast
  1476 | D        | Killed a freezing wraith
  1477 | D        | Noticed a freezing wraith
  1477 | D        | Noticed a wight
  1477 | D        | Noticed a hungry ghost
  1479 | D        | Killed a wight
  1480 | D        | Killed a hungry ghost
  1480 | D        | Killed a freezing wraith
  1647 | D        | Entered arena 16.
  1650 | D        | Noticed a spriggan berserker
  1650 | D        | Noticed a spriggan air mage
  1650 | D        | Noticed a spriggan berserker
  1650 | D        | Noticed a spriggan berserker
  1650 | D        | Noticed a spriggan air mage
  1650 | D        | Noticed a satyr
  1650 | D        | Noticed a spriggan berserker
  1650 | D        | Noticed a wolf
  1650 | D        | Noticed a spriggan berserker
  1650 | D        | Noticed a wolf spider
  1651 | D        | Noticed a thorn hunter
  1651 | D        | Noticed a spriggan berserker
  1651 | D        | Killed a spriggan air mage
  1651 | D        | Killed a wolf
  1652 | D        | Noticed a spriggan air mage
  1652 | D        | Noticed a satyr
  1652 | D        | Killed a spriggan berserker
  1652 | D        | Killed a spriggan berserker
  1652 | D        | Killed a spriggan berserker
  1652 | D        | Killed a spriggan air mage
  1652 | D        | Reached skill level 15 in Armour
  1652 | D        | Killed a spriggan berserker
  1652 | D        | Killed a wolf spider
  1652 | D        | Killed a spriggan berserker
  1652 | D        | Killed a spriggan berserker
  1653 | D        | Killed a spriggan air mage
  1654 | D        | Killed a thorn hunter
  1654 | D        | Gained mutation: Your large and strong wings let you fly indefinitely. [Gargoyle growth]
  1654 | D        | Reached XP level 14. HP: 67/96 MP: 20/27
  1654 | D        | Killed a satyr
  1654 | D        | Killed a satyr
  1654 | D        | Reached skill level 20 in Shields
  1680 | D        | Got the cursed +1 robe of Okawaru's Hatred {rC- Regen+ rCorr Dex-5}
  1687 | D        | Got the amulet of Idoeh {Clar Int+7}
  1730 | D        | Entered arena 17.
  1730 | D        | Noticed a fire vortex
  1733 | D        | Noticed an efreet
  1733 | D        | Noticed a fire elemental
  1733 | D        | Noticed a fire giant
  1733 | D        | Noticed a fire giant
  1733 | D        | Noticed a hell hog
  1733 | D        | Noticed a fire dragon
  1733 | D        | Noticed a fire drake
  1733 | D        | Noticed a hell hog
  1734 | D        | Noticed a fire dragon
  1734 | D        | Noticed an efreet
  1734 | D        | Noticed a hell hog
  1734 | D        | Killed a fire vortex
  1734 | D        | Killed a fire elemental
  1734 | D        | Killed a fire drake
  1735 | D        | Killed a hell hog
  1735 | D        | Killed a hell hog
  1735 | D        | Killed an efreet
  1735 | D        | Killed a hell hog
  1736 | D        | Noticed a fire drake
  1736 | D        | Noticed an efreet
  1736 | D        | Killed an efreet
  1737 | D        | Killed a fire drake
  1737 | D        | Killed an efreet
  1737 | D        | Killed from afar by a fire giant

Vault maps used:
D:        sprint_v

Action                   |  1- 3 |  4- 6 |  7- 9 | 10-12 | 13-15 || total
-------------------------+-------+-------+-------+-------+-------++-------
Melee: Shillelagh        |     5 |    11 |    15 |    78 |     5 ||   114
Invok: Slouch            |       |       |     1 |    14 |    17 ||    32
  Use: Potion            |     1 |       |       |     2 |       ||     3
       Scroll            |       |       |       |     1 |     2 ||     3
  Eat: Fruit             |       |       |       |     1 |       ||     1
       Meat ration       |       |       |       |       |     1 ||     1
